 Dungeon Crawl Stone Soup version 0.20.1-1-g8b1a95d (webtiles) character file.

40 Gargoyl the Skirmisher (level 3, -1/33 HPs)
             Began as a Minotaur Abyssal Knight on July 14, 2017.
             Was a Believer of Lugonu.
             Killed from afar by Sigmund (9 damage)
             ... with a magic dart
             ... on level 2 of the Dungeon.
             The game lasted 00:02:00 (1065 turns).

Gargoyl the Skirmisher (Minotaur Abyssal Knight)    Turns: 1065, Time: 00:02:01

Health: -1/33      AC:  5    Str: 16    XL:     3   Next: 30%
Magic:  3/3        EV: 10    Int:  9    God:    Lugonu [**....]
Gold:   0          SH:  3    Dex: 10    Spells: 2/2 levels left

rFire    . . .     SeeInvis .   a - +1 hand axe
rCold    . . .     Gourm    .   d - +0 buckler
rNeg     . . .     Faith    .   l - +0 ring mail
rPois    .         Spirit   .   (helmet restricted)
rElec    .         Reflect  .   (no cloak)
rCorr    .         Harm     .   (no gloves)
MR       .....                  (no boots)
Stlth    ..........             (no amulet)
Regen    0.2/turn               e - ring of loudness (curse)
MPRegen  0.1/turn               (no ring)

@: no status effects
A: retaliatory headbutt, horns 2
a: Depart the Abyss, Bend Space, Renounce Religion


You were on level 2 of the Dungeon.
You worshipped Lugonu.
Lugonu was pleased with you.
You were hungry.

You visited 1 branch of the dungeon, and saw 2 of its levels.
You visited the Abyss 1 time.

Inventory:

Hand Weapons
 a - a +1 hand axe (weapon)
Armour
 d - a +0 buckler (worn)
 l - a +0 ring mail (worn)
Jewellery
 e - a cursed ring of loudness (left hand)
Scrolls
 f - a scroll of fear {unknown}
 m - a scroll of remove curse {unknown}
Potions
 b - 3 potions of degeneration {unknown}
 g - a potion of cancellation
 h - a potion of lignification {unknown}
 i - a potion of heal wounds {unknown}
 j - 4 potions of curing {unknown}
 k - a potion of mutation {unknown}
Comestibles
 c - a bread ration


   Skills:
 + Level 4.3 Fighting
 + Level 2.9 Axes
 * Level 3.2 Armour
 + Level 1.3 Dodging
 * Level 2.0 Invocations


You had 2 spell levels left.
You didn't know any spells.

Dungeon Overview and Level Annotations

Branches:
Dungeon (2/15)

Altars:

Annotations:
D:2 Sigmund


Innate Abilities, Weirdness & Mutations

You reflexively headbutt those who attack you in melee.
You have a pair of horns on your head.


Message History

Your shield prevents you from hitting Sigmund.
Sigmund is heavily wounded.
Sigmund barely misses you.
You hit Sigmund but do no damage.
Sigmund is heavily wounded.
Sigmund barely misses you.
You hit Sigmund but do no damage.
Sigmund is heavily wounded.
You slash Sigmund! Your headbutt misses Sigmund.
Sigmund is severely wounded.
Sigmund hits you with a scythe.
You hit Sigmund.
Sigmund is almost dead.
Sigmund screams, "Don't try to resist!"
Sigmund gestures at you while chanting. The magic dart hits you!
* * * LOW HITPOINT WARNING * * *
Sigmund gestures at you while chanting. The magic dart hits you!
You die...

###+#######
#.....[....
####..........
.............
#..........(
#...@.......
####...@.....!.
+..............
#####..........
#...####### #.
##..# #.##
#####..# #...
#......# #.#..#
#.####.##
#.#..# #..#
######+#.#..#


You could see Sigmund.

Vanquished Creatures
  A leopard gecko (D:1)
  3 giant cockroaches (D:1)
  3 goblins
  6 hobgoblins
  7 jackals (D:1)
  A ball python (D:1)
  5 bats (D:1)
  A frilled lizard (D:1)
  3 kobolds
  5 rats
35 creatures vanquished.

Notes
Turn   | Place    | Note
-------+----------+-------------------------------------------
     0 | Abyss:1  | Gargoyl the Minotaur Abyssal Knight began the quest for the Orb.
     0 | Abyss:1  | Reached XP level 1. HP: 19/19 MP: 1/1
    37 | Abyss:1  | Noticed a raiju
    42 | D:1      | Escaped the Abyss
   212 | D:1      | Reached skill level 4 in Fighting
   240 | D:1      | Reached * piety under Lugonu
   244 | D:1      | Reached XP level 2. HP: 27/27 MP: 2/2
   568 | D:1      | Reached XP level 3. HP: 29/33 MP: 3/3
  1015 | D:2      | Reached ** piety under Lugonu
  1053 | D:2      | Noticed Sigmund
  1065 | D:2      | Killed from afar by Sigmund

Skill      XL: |  1  2 |
---------------+-------+-----
Fighting       | 4 |  4.3
Invocations    | 2 |  2.0
Armour         | 3 |  3.2
Axes           | |  2.9
Dodging        | |  1.3

Action                   || total
-------------------------++-------
Melee: Hand axe          ||    86
       Headbutt          ||     6
Invok: Depart the Abyss  ||     1
  Use: Scroll            ||     1
Armor: Leather armour    ||    29
       Ring mail         ||     9
Dodge: Dodged            ||    49
Block: Buckler           ||    10
